 Dungeon Crawl Stone Soup version 0.28-a0-1182-g381e24db82 (webtiles) character file.

Game seed: 17024920995681075495

9 Atlas the Scratcher (level 2, 0/12 HPs)
             Began as a Felid Transmuter on Dec 17, 2021.
             Constricted to death by a ball python (1 damage)
             ... on level 1 of the Dungeon.
             The game lasted 00:00:21 (335 turns).

Atlas the Scratcher (Felid Transmuter)               Turns: 335, Time: 00:00:21

Health: 0/12       AC:  1    Str:  6    XL:     2   Next: 3%
Magic:  5/6        EV: 14    Int: 14    God:
Gold:   0          SH:  0    Dex: 16    Spells: 4/5 levels left
                                        Lives:  0   Deaths: 0

rFire   . . .      SeeInvis +     - Unarmed
rCold   . . .      Faith    .   (shield unavailable)
rNeg    . . .      Spirit   .   (armour unavailable)
rPois   .          Reflect  .   (helmet unavailable)
rElec   .          Harm     .   (cloak unavailable)
rCorr   .          Rampage  .   (gloves unavailable)
Will    .....                   (boots unavailable)
Stlth   +.........              (no amulet)
HPRegen 0.04/turn               (no ring)
MPRegen 0.10/turn               (no ring)

@: appendages (expiring), constricted, quick
A: horns 2, very small, claws 1, fangs 3, see invisible, speed 1, shaggy fur 1,
stealthy paws, no weapons or thrown items, no armour, multi-lived
a: End Transformation


You were on level 1 of the Dungeon.
You had temporarily grown beastly horns.
You visited 1 branch of the dungeon, and saw 1 of its levels.

You aren't carrying anything.


   Skills:
 + Level 1.2 Fighting
 + Level 2.7 Dodging
 + Level 3.0 Unarmed Combat
 + Level 2.2 Spellcasting
 + Level 2.5 Transmutations


You had 4 spell levels left.
You knew the following spells:

 Your Spells              Type           Power      Damage    Failure   Level
a - Beastly Appendage     Tmut           16%        N/A       9%          1

Your spell library contained the following spells:

 Spells                   Type           Power      Damage    Failure   Level
 Wereblood                Tmut           8%         N/A       13%         2
 Magic Dart               Conj           4%         1d3       24%         1
 Searing Ray              Conj           2%         2d4       34%         2
 Spider Form              Tmut/Pois      5%         N/A       38%         3
 Ice Form                 Ice/Tmut       5%         N/A       80%         4
 Fulminant Prism          Conj/Hex       0%         3d6       93%         4


Dungeon Overview and Level Annotations

Branches:
Dungeon (1/15)

Altars:


Innate Abilities, Weirdness & Mutations

You have temporarily grown beastly horns.
You have sharp claws.
You have razor-sharp teeth.
You have supernaturally acute eyesight. (SInv)
You cover ground quickly. (Speed+)
You are covered in fur. (AC +1)
Your paws help you pounce on unaware monsters.
You are incapable of wielding weapons or throwing items.
You cannot wear armour.
You gain extra lives every three experience levels.


Message History

You scratch the giant cockroach.
You kill the giant cockroach!
No target in view!
No target in view!
No target in view!
No target in view!
Your transformation is almost over.
Your horns disappear.
You see here a giant cockroach corpse.
An endoplasm comes into view.
The endoplasm quivers.
You grow a pair of large bovine horns.
A ball python comes into view.
The ball python hisses angrily.
The endoplasm freezes you.
You are frozen.
You scratch the endoplasm but do no damage.
The endoplasm hits you.
You scratch the endoplasm.
The endoplasm is moderately wounded.
You scratch the endoplasm.
You kill the endoplasm!
You have reached level 2!
Your transformation is almost over.
You open the door.
There is an open door here.
You completely miss the ball python. The ball python closely misses you.
The ball python grabs you. The ball python constricts you.
You closely miss the ball python. The ball python bites you.
The ball python constricts you.
You scratch the ball python.
The ball python is severely wounded.
The ball python misses you. The ball python constricts you.
* * * LOW HITPOINT WARNING * * *
You scratch the ball python but do no damage.
The ball python is severely wounded.
The ball python bites you.
* * * LOW HITPOINT WARNING * * *
The ball python constricts you.
You die...

......................#
......................# .#
#.....................# #..
......................+ ....
#+#†###...............###...♣
...........................♣.
....###..#####..............♣
....##......##..#..........♣.
............+...@S..........♣
...####....>#.†.#............
...####.....#...##...........
......#..)..#...##...........
.........#......#............
#......(......#.#............
..............+.+............
.............(#.#............
..............#+#


You could see a ball python.

Vanquished Creatures
  A dart slug (D:1)
  A ball python (D:1)
  An endoplasm (D:1)
  A giant cockroach (D:1)
  A goblin (D:1)
  A kobold (D:1)
6 creatures vanquished.

Notes
Turn   | Place    | Note
-------+----------+-------------------------------------------
     0 | D:1      | Atlas the Felid Transmuter began the quest for the Orb.
     0 | D:1      | Reached XP level 1. HP: 9/9 MP: 4/4
   326 | D:1      | Reached XP level 2. HP: 7/12 MP: 4/6
   335 | D:1      | Constricted to death by a ball python

Illustrated notes

Levels and vault maps discovered:
D:1:      lightli_arrival_statuegarden, layout_basic,
          chequers_ecumenical_altar_simple_redux

Action                   || total
-------------------------++-------
Melee: Unarmed           ||    17
       Headbutt          ||     2
 Cast: Beastly Appendage ||     7
Dodge: Dodged            ||     8

Table legend: (Time is in decaauts)
 A = Elapsed time spent in this place.
 B = Non-inter-level travel time spent in this place.
 C = Inter-level travel time spent in this place.
 D = Time resting spent in this place.
 E = Time spent auto-exploring this place.
 F = Levels seen in this place.
 G = Mean time per level.
                   A        B        C        D        E       F      G
               +--------+--------+--------+--------+--------+-----+--------+
         Total |    320 |    318 |      2 |      0 |    269 |   1 |  320.0 |
       Dungeon |    320 |    318 |      2 |      0 |    269 |   1 |  320.0 |
               +--------+--------+--------+--------+--------+-----+--------+

Top non-repeatable levels by time:
     D:1: 320 daAuts
